 Dungeon Crawl Stone Soup version 0.30.0-29-ga12c61a403 (webtiles) character file.

Game seed: 6356929737825884212

68018 qw the Severer (level 15, -12/96 HPs)
             Began as a Gargoyle Fighter on June 3, 2023.
             Was a High Priest of Okawaru.
             Mangled by Agnes
             ... wielding a +4 lajatang of speed
              (20 damage)
             ... on level 14 of the Dungeon.
             The game lasted 00:09:24 (19427 turns).

qw the Severer (Gargoyle Fighter)                  Turns: 19427, Time: 00:09:25

Health: -12/96     AC: 40    Str: 26    XL:     15   Next: 25%
Magic:  16/22      EV:  9    Int: 10    God:    Okawaru [*****.]
Gold:   1404       SH: 22    Dex:  9    Spells: 14/14 levels left

rFire   + . .        Y - +6 war axe (heavy)
rCold   + . .        y - +0 tower shield
rNeg    + . .        j - +2 plate armour {Will+}
rPois   inf          b - +0 helmet
rElec   +            f - +0 cloak
rCorr   .            k - +2 pair of gloves
SInv    +            a - +0 pair of boots
Will    ++...        c - amulet of reflection Stlth
                     t - ring of protection from fire
HPRegen 0.36/turn    p - ring of see invisible
MPRegen 0.18/turn

%: reflection
@: about to teleport, heroic, finesse-ful, flying
A: sickness immunity, AC +11, big wings, negative energy resistance 1,
electricity resistance, torment resistance 1, petrification resistance, cold
resistance 1, passive freeze
a: Renounce Religion, Heroism, Finesse, Duel


You were on level 14 of the Dungeon.
You worshipped Okawaru.
Okawaru was extremely pleased with you.
You visited 3 branches of the dungeon, and saw 21 of its levels.
You also visited: Ossuary.

You collected 1497 gold pieces.
You spent 93 gold pieces at shops.


Innate Abilities, Weirdness & Mutations

You are immune to sickness and miasma.
Your stone body is resilient. (AC +11)
You are immune to poison.
Your large and strong wings let you fly.
You resist negative energy. (rN+)
You are resistant to electric shocks. (rElec)
You are resistant to unholy torment.
You are immune to petrification.
Your flesh is cold resistant. (rC+)
A frigid envelope surrounds you and freezes all who hurt you.


   Skills:
 - Level 12.0(17.0) Fighting
 - Level 16.0(21.0) Axes
 - Level 5.0(10.0) Throwing
 - Level 12.0(17.0) Armour
 - Level 3.0(8.0) Dodging
 + Level 9.9(14.9) Shields
 - Level 10.0 Invocations


You had 14 spell levels left.
You didn't know any spells.
Your spell library was empty.

Inventory:

Hand Weapons
 q - a +0 morningstar
 Y - a +6 heavy war axe (weapon)
Armour
 a - a +0 pair of boots (worn)
 b - a +0 helmet (worn)
 f - a +0 cloak (worn)
 g - +0 acid dragon scales
 j - a +2 plate armour of willpower (worn)
 k - a +2 pair of gloves (worn)
 r - a +2 hat
 u - a +0 hat of see invisible
 y - a +0 tower shield (worn)
Jewellery
 c - an amulet of reflection (around neck)
 p - a ring of see invisible (right hand)
 t - a ring of protection from fire (left hand)
 z - a ring of see invisible
Scrolls
 h - 5 scrolls of teleportation
 o - 8 scrolls of identify
Potions
 d - 8 potions of might
 e - 3 potions of haste
 i - 4 potions of heal wounds
 l - 2 potions of resistance
 m - 5 potions of attraction
 n - 2 potions of cancellation
 s - 4 potions of mutation
 v - 2 potions of magic
 w - 2 potions of lignification
 x - 9 potions of curing

Dungeon Overview and Level Annotations

Branches:
Dungeon (15/15)            Temple (1/1) D:7            Lair (5/5) D:9
 Shoals (0/4) Lair:3        Snake (0/4) Lair:2        Slime (0/5) Lair:5
    Orc (0/2) D:11         Vaults (0/5) D:13        Ossuary (visited)
 Depths: D:15

Altars:
Ashenzari
Cheibriados
Dithmenos
Elyvilon
Fedhas
Gozag
Hepliaklqana
Kikubaaqudgha
Makhleb
Nemelex Xobeh
Okawaru
Qazlal
Ru
Sif Muna
Trog
Uskayaw
Vehumet
Wu Jian
Xom
Yredelemnul
Zin
The Shining One
Jiyva

Shops:
D:1 [   D:13 *

Portals:
Hell: Lair:5

Annotations:
D:14 Agnes
Lair:3 2 transporters, qw's ghost, journeyman GrFi
Lair:4 3 runed translucent doors, qw's ghost, journeyman GrFi


Message History

Agnes hits you but does no damage.
Agnes is very cold.
Agnes is lightly wounded.
You slice Agnes!!
Agnes is heavily wounded.
You block Agnes's attack.
Agnes hits you with a +4 lajatang of speed!
Agnes is very cold.
Agnes is heavily wounded.
You hit Agnes but do no damage.
Agnes is heavily wounded.
You block Agnes's attack. x2
You slice Agnes!!
Agnes is severely wounded.
You block Agnes's attack.
You closely miss Agnes.
Agnes is severely wounded.
You block Agnes's attack.
Agnes hits you with a +4 lajatang of speed!
Agnes is very cold.
Agnes is severely wounded.
You closely miss Agnes.
Agnes is severely wounded.
Agnes hits you with a +4 lajatang of speed!!
Agnes is very cold.
Agnes is severely wounded.
Agnes hits you but does no damage.
You miss Agnes.
Agnes is severely wounded.
Agnes hits you with a +4 lajatang of speed!!
Agnes is very cold.
Agnes is severely wounded.
Agnes hits you with a +4 lajatang of speed!
Agnes is very cold.
Agnes is severely wounded.
19427 ||| READING 6 scrolls of teleportation.
As you read the scroll of teleportation, it crumbles to dust.
You feel strangely unstable. You block Agnes's attack.
Agnes hits you with a +4 lajatang of speed!!
You die...

#)#.#.## ......## ..
).#..## ### ... .).....
..# ... ..##.### ##.#
..# ..<....#### ... ...#
####......###....# ...#
##........##.#....#
#....######(#....#
######.##.......@i....#
.......##...####.##.....
.##########.# #.# ###.
## ####.####.# .. .
#......##.#.#....
#.............#
#......######## #......#
#......#


You could see Agnes.

Vanquished Creatures
  Gastronok (Lair:2)
  A dire elephant (Lair:5)
  8 vault guards (D:13)
  7 hydras
  3 centaur warriors
  7 two-headed ogres
  4 boulder beetles
  Sonja (Lair:2)
  A skyshark (Lair:3)
  4 skeletal warriors (D:13)
  A sixfirhy (Lair:5)
  3 wizards
  A deep elf pyromancer (D:12)
  2 manticores
  2 cyclopes
  10 elephants
  Maurice (D:13)
  3 gargoyles
  3 orange demons (Lair:5)
  A merfolk siren (Lair:3)
  10 black mambas
  Joseph (D:8)
  5 torpor snails
  9 cane toads
  An unseen horror (D:11)
  4 rime drakes
  12 komodo dragons
  A kobold demonologist (D:13)
  A freezing wraith (D:13)
  An ice devil (Lair:5)
  2 tengu conjurers
  A red devil (Lair:5)
  5 polar bears
  4 trolls
  3 meliai (D:15)
  A hellwing (Lair:5)
  A hornet (D:8)
  9 blink frogs (Lair:3)
  A merfolk (Lair:3)
  2 dream sheep (Lair:2)
  2 centaur simulacra
  A slime creature (D:14)
  A water elemental (D:13)
  2 vampires
  3 wraiths
  46 yaks
  3 wyverns
  5 basilisks
  3 steam dragons
  Grum (D:8)
  3 vampire mosquitoes (D:12)
  2 acid dragons (D:13)
  A naga (Lair:2)
  5 hell hounds (Lair:5)
  12 water moccasins
  A sky beast (D:7)
  4 orc warriors
  A black bear (shapeshifter) (D:13)
  An ice beast (D:6)
  A black bear (D:5)
  4 wolves
  8 centaurs
  2 ogres (D:11)
  A phantom (D:5)
  3 kobold brigands (D:11)
  Blork the orc (D:5)
  4 gnoll sergeants (D:11)
  11 bullfrogs
  10 scorpions
  8 killer bees
  8 howler monkeys
  4 electric eels
  3 hounds
  2 jellies
  2 gnoll boudas
  5 orc priests
  3 human zombies (Ossuary)
  Jessica (D:3)
  Terence (D:1)
  2 iguanas (D:6)
  10 orc wizards
  4 scorpion zombies (Ossuary)
  3 mummies (Ossuary)
  Robin (D:4)
  11 gnolls
  14 adders
  A shadow imp (D:7)
  4 white imps
  2 ufetubi
  2 dart slugs (D:2)
  33 orcs
  6 endoplasms
  5 giant cockroaches
  17 goblins
  9 hobgoblins
  16 jackals
  7 kobolds
  6 quokkas
  5 ball pythons
  8 bats
  2 frilled lizards
  3 gnoll zombies (Ossuary)
  4 goblin zombies (Ossuary)
  A hobgoblin zombie (Ossuary)
  2 kobold zombies (Ossuary)
  An orc zombie (Ossuary)
  6 rats
502 creatures vanquished.

Notes
Turn   | Place    | Note
-------+----------+-------------------------------------------
     0 | D:1      | qw the Gargoyle Fighter began the quest for the Orb.
     0 | D:1      | Reached XP level 1. HP: 14/14 MP: 1/1
     0 | D:1      | 0 ||| qw: Version: 0.2-a-103-g5a998e5
     0 | D:1      | 0 ||| qw: Game counter: 1024
     0 | D:1      | 0 ||| qw: Always use a shield: true
     0 | D:1      | 0 ||| qw: God list: Okawaru
     0 | D:1      | 0 ||| qw: Allow faded altars: false
     0 | D:1      | 0 ||| qw: Do Orc after D:15 true
     0 | D:1      | 0 ||| qw: Do second Lair branch before Depths: true
     0 | D:1      | 0 ||| qw: Lair rune preference: random
     0 | D:1      | 0 ||| qw: Plans: Normal, Zot:1-4, Slime:5, God:TSO, Crypt,
                  | Tomb, Pan, Hells, Abyss, Win
     0 | D:1      | 0 ||| PLANNING D:1-11
    19 | D:1      | 19 ||| DROPPING +2 heavy hand axe.
    26 | D:1      | Reached skill level 2 in Axes
    32 | D:1      | 32 ||| Stepping ~*~*~tactically~*~*~ (stealth).
   160 | D:1      | 160 ||| Stepping ~*~*~tactically~*~*~ (stealth).
   191 | D:1      | Found a faded altar of an unknown god.
   203 | D:1      | Reached XP level 2. HP: 19/19 MP: 2/2
   411 | D:1      | Reached skill level 3 in Axes
   436 | D:1      | Found Pebriora's Armour Boutique.
   438 | D:1      | Reached XP level 3. HP: 23/23 MP: 3/3
   444 | D:1      | 444 ||| BUYING +0 chain mail (54 gold).
   444 | D:1      | Bought a +0 chain mail for 54 gold pieces
   444 | D:1      | 444 ||| SHOPLISTING +0 plate armour (276 gold, have 24).
   444 | D:1      | 444 ||| SHOPLISTING +9 plate armour of ponderousness (540
                  | gold, have 24).
   549 | D:1      | 549 ||| UPGRADING to +0 chain mail.
   559 | D:1      | 559 ||| DROPPING +0 scale mail.
   560 | D:1      | 560 ||| READING scroll labelled MOLAOG XONODOKK.
   561 | D:1      | 561 ||| READING 2 scrolls labelled FEPPEC ROBBEE.
   566 | D:1      | 566 ||| DRINKING 2 silvery potions.
   573 | D:2      | Noticed Terence
   582 | D:2      | 582 ||| STAIRDANCE
   585 | D:1      | Killed Terence
   648 | D:2      | Reached XP level 4. HP: 28/28 MP: 4/4
   690 | D:2      | Reached skill level 4 in Axes
   903 | D:2      | 903 ||| Stepping ~*~*~tactically~*~*~ (hiding).
  1128 | D:2      | Reached XP level 5. HP: 24/32 MP: 5/5
  1467 | D:2      | 1467 ||| UPGRADING to +0 helmet.
  1472 | D:2      | 1472 ||| UPGRADING to +0 pair of gloves.
  1477 | D:2      | 1477 ||| READING scroll labelled RIECARCHIUJI.
  1478 | D:2      | 1478 ||| READING scroll labelled YPPUVV FETOIPU.
  1479 | D:2      | 1479 ||| READING scroll labelled GIGACVORRE.
  1556 | D:3      | 1556 ||| Stepping ~*~*~tactically~*~*~ (stealth).
  1557 | D:3      | 1557 ||| Stepping ~*~*~tactically~*~*~ (stealth).
  1719 | D:3      | Reached skill level 5 in Axes
  1807 | D:3      | 1807 ||| Stepping ~*~*~tactically~*~*~ (stealth).
  1967 | D:3      | Noticed Jessica
  1968 | D:3      | 1968 ||| Stepping ~*~*~tactically~*~*~ (hiding).
  1969 | D:3      | 1969 ||| Stepping ~*~*~tactically~*~*~ (hiding).
  1980 | D:3      | Killed Jessica
  2032 | D:3      | Found a broken altar of Ashenzari.
  2041 | D:3      | Found a shimmering altar of Xom.
  2159 | D:3      | 2159 ||| READING scroll labelled RUEFUTO HOQAST.
  2160 | D:3      | 2160 ||| READING scroll labelled YCAECU IPATH.
  2161 | D:3      | 2161 ||| DRINKING 2 fizzy emerald potions.
  2162 | D:3      | 2162 ||| DRINKING 3 lumpy sapphire potions.
  2162 | D:3      | Gained mutation: You occasionally lose the ability to drink
                  | potions when taking damage. [potion of mutation]
  2162 | D:3      | Gained mutation: You have a pair of small horns on your
                  | head. [potion of mutation]
  2162 | D:3      | Gained mutation: You are agile. (Dex +4, Str/Int -1)
                  | [potion of mutation]
  2163 | D:3      | 2163 ||| DRINKING 2 potions of mutation.
  2163 | D:3      | Lost mutation: You are agile. (Dex +4, Str/Int -1) [potion
                  | of mutation]
  2163 | D:3      | Lost mutation: You have a pair of small horns on your head.
                  | [potion of mutation]
  2163 | D:3      | Gained mutation: Your natural rate of healing is unusually
                  | fast. [potion of mutation]
  2163 | D:3      | Gained mutation: Your large and strong wings let you fly.
                  | [potion of mutation]
  2164 | D:3      | 2164 ||| DRINKING potion of mutation.
  2164 | D:3      | Lost mutation: Your natural rate of healing is unusually
                  | fast. [potion of mutation]
  2164 | D:3      | Lost mutation: Your large and strong wings let you fly.
                  | [potion of mutation]
  2164 | D:3      | Lost mutation: You occasionally lose the ability to drink
                  | potions when taking damage. [potion of mutation]
  2164 | D:3      | Gained mutation: A frigid envelope surrounds you and
                  | freezes all who hurt you. [potion of mutation]
  2164 | D:3      | Gained mutation: Your flesh is cold resistant. (rC+)
                  | [potion of mutation]
  2165 | D:3      | 2165 ||| UPGRADING to +0 helmet.
  2170 | D:3      | 2170 ||| READING 2 scrolls of identify.
  2170 | D:3      | 2170 ||| IDENTIFYING grey potion
  2171 | D:3      | 2171 ||| DROPPING potion of ambrosia.
  2221 | D:4      | Reached XP level 6. HP: 36/38 MP: 6/6
  2346 | D:4      | 2346 ||| Stepping ~*~*~tactically~*~*~ (stealth).
  2491 | D:4      | 2491 ||| Stepping ~*~*~tactically~*~*~ (stealth).
  2576 | D:4      | Noticed Robin
  2583 | D:4      | Killed Robin
  3005 | D:4      | Identified the +9 whip of the Hall of Blades {venom, Contam
                  | rElec Int+2}
  3007 | D:4      | 3007 ||| DROPPING +0 whip.
  3058 | D:4      | Reached skill level 6 in Axes
  3404 | D:4      | 3404 ||| UPGRADING to +0 cloak.
  3409 | D:4      | 3409 ||| READING scroll labelled HIGAZU TERCHA.
  3410 | D:4      | 3410 ||| READING scroll labelled AMIAKKETAP.
  3411 | D:4      | 3411 ||| DRINKING 2 bubbling coppery potions.
  3412 | D:4      | 3412 ||| READING 3 scrolls of identify.
  3412 | D:4      | 3412 ||| IDENTIFYING lumpy amethyst potion
  3413 | D:4      | 3413 ||| READING 2 scrolls of identify.
  3413 | D:4      | 3413 ||| IDENTIFYING fizzy clear potion
  3414 | D:4      | 3414 ||| DROPPING potion of brilliance.
  3472 | D:5      | Entered Level 5 of the Dungeon
  3547 | D:5      | Noticed Blork the orc
  3556 | D:5      | Killed Blork the orc
  3557 | D:5      | Reached skill level 1 in Dodging
  3557 | D:5      | Reached XP level 7. HP: 35/43 MP: 7/7
  3618 | D:5      | Found an ancient bone altar of Kikubaaqudgha.
  3685 | D:5      | Identified the +7 mace of Mayhem {freeze, Str+4}
  3687 | D:5      | 3687 ||| DROPPING +9 whip of the Hall of Blades {venom,
                  | Contam rElec Int+2}.
  3812 | D:5      | 3812 ||| Stepping ~*~*~tactically~*~*~ (stealth).
  4063 | D:5      | 4063 ||| UPGRADING to amulet of the acrobat.
  4068 | D:5      | 4068 ||| UPGRADING to ring of protection from fire.
  4069 | D:5      | 4069 ||| READING scroll labelled YKLAQA NEBLUGUOH.
  4107 | D:6      | Reached skill level 7 in Axes
  4230 | D:6      | Reached XP level 8. HP: 49/49 MP: 8/8
  4261 | D:6      | 4261 ||| Stepping ~*~*~tactically~*~*~ (hiding).
  4596 | D:6      | Found a blossoming altar of Fedhas.
  4663 | D:6      | 4663 ||| READING 3 scrolls of identify.
  4663 | D:6      | 4663 ||| IDENTIFYING black potion
  4664 | D:6      | 4664 ||| READING 2 scrolls of identify.
  4664 | D:6      | 4664 ||| IDENTIFYING bubbling white potion
  4665 | D:6      | 4665 ||| DROPPING potion of magic.
  4675 | D:7      | 4675 ||| PLANNING OSSUARY
  4687 | D:7      | 4687 ||| Stepping ~*~*~tactically~*~*~ (hiding).
  4691 | D:7      | 4691 ||| Stepping ~*~*~tactically~*~*~ (hiding).
  4696 | D:7      | Reached skill level 8 in Axes
  4766 | D:7      | Found a staircase to the Ecumenical Temple.
  4888 | D:7      | Reached skill level 6 in Fighting
  4892 | D:7      | 4892 ||| Stepping ~*~*~tactically~*~*~ (stealth).
  4915 | D:7      | 4915 ||| Stepping ~*~*~tactically~*~*~ (stealth).
  4961 | D:7      | Reached skill level 9 in Axes
  4961 | D:7      | Reached XP level 9. HP: 52/55 MP: 9/9
  5116 | D:7      | Found a sand-covered staircase.
  5120 | Ossuary  | Entered an ossuary
  5367 | Ossuary  | 5367 ||| Stepping ~*~*~tactically~*~*~ (stealth).
  5570 | Ossuary  | 5570 ||| READING scroll labelled DIKLA PIORANN.
  5571 | Ossuary  | 5571 ||| READING scroll labelled YPLIOGH UNLONT.
  5572 | Ossuary  | 5572 ||| DRINKING 2 golden potions.
  5573 | Ossuary  | 5573 ||| DRINKING 2 glowing coppery potions.
  5574 | Ossuary  | 5574 ||| READING 4 scrolls of identify.
  5574 | Ossuary  | 5574 ||| IDENTIFYING inky potion
  5575 | Ossuary  | 5575 ||| DROPPING potion of degeneration.
  5576 | Ossuary  | 5576 ||| DROPPING potion of flight.
  5577 | Ossuary  | 5577 ||| Stepping randomly (stuck).
  5630 | D:7      | 5630 ||| PLANNING TEMPLE
  5646 | Temple   | Entered the Ecumenical Temple
  5929 | Temple   | 5929 ||| PLANNING D:1-11
  6149 | D:7      | Found a hazy altar of Hepliaklqana.
  6153 | D:7      | Found a shadowy altar of Dithmenos.
  6220 | D:7      | 6220 ||| Stepping ~*~*~tactically~*~*~ (hiding).
  6446 | D:8      | 6446 ||| DRINKING 2 potions of curing.
  6446 | D:8      | 6446 ||| (to cure confusion)
  6472 | D:8      | 6472 ||| Stepping ~*~*~tactically~*~*~ (hiding).
  6482 | D:8      | Reached skill level 10 in Axes
  6483 | D:8      | 6483 ||| Stepping ~*~*~tactically~*~*~ (hiding).
  6490 | D:8      | 6490 ||| Stepping ~*~*~tactically~*~*~ (hiding).
  6495 | D:8      | 6495 ||| Stepping ~*~*~tactically~*~*~ (hiding).
  6496 | D:8      | 6496 ||| Stepping ~*~*~tactically~*~*~ (hiding).
  6522 | D:8      | 6522 ||| Stepping ~*~*~tactically~*~*~ (stealth).
  6529 | D:8      | 6529 ||| DROPPING +7 mace of Mayhem {freeze, Str+4}.
  6582 | D:8      | 6582 ||| READING scroll of enchant weapon.
  6582 | D:8      | 6582 ||| ENCHANTING +1 war axe.
  6679 | D:8      | Noticed Joseph
  6680 | D:8      | 6680 ||| FLEEEEING.
  6685 | D:8      | 6685 ||| Stepping ~*~*~tactically~*~*~ (hiding).
  6686 | D:8      | 6686 ||| Stepping ~*~*~tactically~*~*~ (hiding).
  6695 | D:8      | Killed Joseph
  6696 | D:8      | Reached skill level 3 in Throwing
  6696 | D:8      | Reached XP level 10. HP: 44/63 MP: 10/10
  6774 | D:8      | 6774 ||| Stepping ~*~*~tactically~*~*~ (hiding).
  6794 | D:8      | Reached skill level 6 in Armour
  6895 | D:8      | Noticed a two-headed ogre
  6897 | D:8      | 6897 ||| FLEEEEING.
  6898 | D:8      | 6898 ||| FLEEEEING.
  6899 | D:8      | 6899 ||| FLEEEEING.
  6902 | D:8      | 6902 ||| FLEEEEING.
  6903 | D:8      | 6903 ||| FLEEEEING.
  6904 | D:8      | 6904 ||| FLEEEEING.
  6905 | D:8      | 6905 ||| FLEEEEING.
  6912 | D:8      | Killed a two-headed ogre
  7157 | D:8      | Noticed Grum
  7172 | D:8      | Killed Grum
  7493 | D:8      | 7493 ||| DROPPING scarf of invisibility.
  7494 | D:8      | 7494 ||| READING 5 scrolls of identify.
  7494 | D:8      | 7494 ||| IDENTIFYING orange potion
  7495 | D:8      | 7495 ||| DROPPING potion of berserk rage.
  7627 | D:9      | Found a glowing golden altar of the Shining One.
  7652 | D:9      | 7652 ||| DRINKING potion of curing.
  7652 | D:9      | 7652 ||| (to cure confusion)
  7689 | D:9      | Found a staircase to the Lair.
  7708 | D:9      | Reached skill level 11 in Axes
  7820 | D:9      | Reached skill level 9 in Fighting
  7842 | D:9      | Noticed a two-headed ogre
  7850 | D:9      | Killed a two-headed ogre
  7851 | D:9      | Reached XP level 11. HP: 42/71 MP: 11/11
  7954 | D:9      | Found a glowing silver altar of Zin.
  8206 | D:9      | 8206 ||| UPGRADING to ring of see invisible.
  8241 | D:10     | Entered Level 10 of the Dungeon
  8300 | D:10     | Noticed a two-headed ogre
  8305 | D:10     | Killed a two-headed ogre
  8354 | D:10     | 8354 ||| READING scroll of enchant weapon.
  8354 | D:10     | 8354 ||| ENCHANTING +2 war axe.
  8505 | D:10     | Noticed a two-headed ogre
  8511 | D:10     | Killed a two-headed ogre
  8753 | D:10     | Reached skill level 12 in Axes
  8784 | D:10     | 8784 ||| READING scroll of enchant weapon.
  8784 | D:10     | 8784 ||| ENCHANTING +3 war axe.
  8799 | D:10     | 8799 ||| Stepping ~*~*~tactically~*~*~ (stealth).
  8867 | D:10     | Found an iron altar of Okawaru.
  8868 | D:10     | 8868 ||| PLANNING OKAWARU WORSHIP
  8875 | D:10     | Became a worshipper of Warmaster Okawaru
  8875 | D:10     | 8875 ||| PLANNING D:1-11
  9125 | D:10     | 9125 ||| PLANNING LAIR
  9156 | Lair:1   | Entered Level 1 of the Lair of Beasts
  9426 | Lair:1   | Reached skill level 6 in Shields
  9678 | Lair:1   | 9678 ||| READING scroll of enchant armour.
  9678 | Lair:1   | 9678 ||| ENCHANTING +0 pair of gloves.
  9747 | Lair:1   | Reached * piety under Okawaru
  9754 | Lair:1   | 9754 ||| INVOKING Heroism.
 10224 | Lair:1   | 10224 ||| READING 6 scrolls of identify.
 10224 | Lair:1   | 10224 ||| IDENTIFYING red potion
 10225 | Lair:1   | 10225 ||| DROPPING potion of invisibility.
 10260 | Lair:2   | 10260 ||| INVOKING Heroism.
 10315 | Lair:2   | 10315 ||| INVOKING Heroism.
 10316 | Lair:2   | 10316 ||| INVOKING Heroism.
 10323 | Lair:2   | Reached skill level 1 in Invocations
 10349 | Lair:2   | 10349 ||| FLEEEEING.
 10463 | Lair:2   | Noticed Sonja
 10470 | Lair:2   | Found a staircase to the Snake Pit.
 10478 | Lair:2   | Killed Sonja
 10497 | Lair:2   | Noticed Gastronok
 10498 | Lair:2   | 10498 ||| Stepping ~*~*~tactically~*~*~ (hiding).
 10500 | Lair:2   | 10500 ||| Stepping ~*~*~tactically~*~*~ (hiding).
 10504 | Lair:2   | 10504 ||| INVOKING Heroism.
 10518 | Lair:2   | Killed Gastronok
 10518 | Lair:2   | Reached ** piety under Okawaru
 10519 | Lair:2   | Reached skill level 3 in Invocations
 10519 | Lair:2   | Reached XP level 12. HP: 75/77 MP: 11/14
 10676 | Lair:2   | 10676 ||| INVOKING Heroism.
 10715 | Lair:2   | 10715 ||| FLEEEEING.
 10716 | Lair:2   | 10716 ||| FLEEEEING.
 10784 | Lair:2   | 10784 ||| Stepping ~*~*~tactically~*~*~ (hiding).
 10787 | Lair:2   | 10787 ||| INVOKING Heroism.
 10793 | Lair:2   | Reached skill level 13 in Axes
 10936 | Lair:2   | 10936 ||| FLEEEEING.
 10937 | Lair:2   | 10937 ||| FLEEEEING.
 10938 | Lair:2   | 10938 ||| FLEEEEING.
 10939 | Lair:2   | 10939 ||| FLEEEEING.
 10940 | Lair:2   | 10940 ||| FLEEEEING.
 10941 | Lair:2   | 10941 ||| FLEEEEING.
 10942 | Lair:2   | 10942 ||| FLEEEEING.
 10943 | Lair:2   | 10943 ||| FLEEEEING.
 10944 | Lair:2   | 10944 ||| FLEEEEING.
 10946 | Lair:2   | 10946 ||| FLEEEEING.
 10947 | Lair:2   | 10947 ||| FLEEEEING.
 10948 | Lair:2   | 10948 ||| FLEEEEING.
 10949 | Lair:2   | 10949 ||| FLEEEEING.
 10950 | Lair:2   | 10950 ||| FLEEEEING.
 10951 | Lair:2   | 10951 ||| FLEEEEING.
 10952 | Lair:2   | 10952 ||| FLEEEEING.
 10953 | Lair:2   | 10953 ||| FLEEEEING.
 10954 | Lair:2   | 10954 ||| FLEEEEING.
 10955 | Lair:2   | 10955 ||| FLEEEEING.
 10956 | Lair:2   | 10956 ||| FLEEEEING.
 10957 | Lair:2   | 10957 ||| FLEEEEING.
 11110 | Lair:2   | Noticed a five-headed hydra
 11111 | Lair:2   | 11111 ||| INVOKING Heroism.
 11116 | Lair:2   | 11116 ||| SWAPPING to +0 morningstar.
 11118 | Lair:2   | Killed a five-headed hydra
 11119 | Lair:2   | 11119 ||| SWAPPING to +4 war axe.
 11199 | Lair:2   | 11199 ||| INVOKING Heroism.
 11283 | Lair:2   | 11283 ||| UPGRADING to +0 plate armour.
 11293 | Lair:2   | 11293 ||| DROPPING +0 chain mail.
 11294 | Lair:2   | 11294 ||| READING 5 scrolls of identify.
 11294 | Lair:2   | 11294 ||| IDENTIFYING fuming green potion
 11317 | Lair:3   | Noticed a skyshark
 11318 | Lair:3   | 11318 ||| INVOKING Heroism.
 11326 | Lair:3   | Killed a skyshark
 11328 | Lair:3   | Reached *** piety under Okawaru
 11348 | Lair:3   | 11348 ||| FLEEEEING.
 11349 | Lair:3   | 11349 ||| FLEEEEING.
 11350 | Lair:3   | 11350 ||| STAIRDANCE
 11425 | Lair:3   | 11425 ||| INVOKING Heroism.
 11441 | Lair:3   | 11441 ||| Stepping ~*~*~tactically~*~*~ (stealth).
 11450 | Lair:3   | 11450 ||| INVOKING Heroism.
 11452 | Lair:3   | Reached skill level 9 in Armour
 11485 | Lair:3   | 11485 ||| INVOKING Heroism.
 11564 | Lair:3   | 11564 ||| INVOKING Heroism.
 11570 | Lair:3   | Noticed a seven-headed hydra
 11571 | Lair:3   | 11571 ||| Stepping ~*~*~tactically~*~*~ (stealth).
 11619 | Lair:3   | 11619 ||| INVOKING Heroism.
 11633 | Lair:3   | 11633 ||| INVOKING Heroism.
 11659 | Lair:3   | Found a transporter.
 11699 | Lair:3   | 11699 ||| INVOKING Heroism.
 11793 | Lair:3   | 11793 ||| INVOKING Heroism.
 11898 | Lair:3   | 11898 ||| INVOKING Heroism.
 11929 | Lair:3   | 11929 ||| Stepping ~*~*~tactically~*~*~ (hiding).
 11930 | Lair:3   | 11930 ||| Stepping ~*~*~tactically~*~*~ (hiding).
 11934 | Lair:3   | 11934 ||| Stepping ~*~*~tactically~*~*~ (hiding).
 11950 | Lair:3   | Noticed a four-headed hydra
 11951 | Lair:3   | 11951 ||| INVOKING Heroism.
 11956 | Lair:3   | 11956 ||| SWAPPING to +0 morningstar.
 11958 | Lair:3   | Killed a four-headed hydra
 11959 | Lair:3   | Reached skill level 14 in Axes
 11959 | Lair:3   | 11959 ||| SWAPPING to +4 war axe.
 11973 | Lair:3   | 11973 ||| INVOKING Heroism.
 12076 | Lair:3   | Noticed qw's ghost (journeyman GrFi)
 12192 | Lair:3   | 12192 ||| Stepping ~*~*~tactically~*~*~ (hiding).
 12281 | Lair:3   | Reached XP level 13. HP: 84/84 MP: 16/16
 12339 | Lair:3   | 12339 ||| INVOKING Heroism.
 12451 | Lair:3   | Found a transporter.
 12510 | Lair:3   | Found a staircase to the Shoals.
 12589 | Lair:3   | 12589 ||| UPGRADING to +0 pair of boots.
 12594 | Lair:3   | 12594 ||| READING scroll labelled LUTSAOGAEZ.
 12598 | Lair:3   | 12598 ||| INVOKING Heroism.
 12601 | Lair:3   | 12601 ||| SWAPPING to +0 morningstar.
 12606 | Lair:3   | 12606 ||| SWAPPING to +4 heavy war axe.
 12702 | Lair:4   | 12702 ||| INVOKING Heroism.
 12795 | Lair:4   | Found a runed translucent gate.
 12899 | Lair:4   | 12899 ||| FLEEEEING.
 12900 | Lair:4   | 12900 ||| FLEEEEING.
 12902 | Lair:4   | 12902 ||| INVOKING Heroism.
 13064 | Lair:4   | 13064 ||| INVOKING Heroism.
 13069 | Lair:4   | 13069 ||| SWAPPING to +0 morningstar.
 13074 | Lair:4   | 13074 ||| SWAPPING to +4 heavy war axe.
 13109 | Lair:4   | 13109 ||| INVOKING Heroism.
 13201 | Lair:4   | 13201 ||| READING scroll of enchant weapon.
 13201 | Lair:4   | 13201 ||| ENCHANTING +4 heavy war axe.
 13269 | Lair:4   | Found a snail-covered altar of Cheibriados.
 13270 | Lair:4   | 13270 ||| FLEEEEING.
 13271 | Lair:4   | 13271 ||| FLEEEEING.
 13272 | Lair:4   | 13272 ||| FLEEEEING.
 13273 | Lair:4   | 13273 ||| FLEEEEING.
 13275 | Lair:4   | 13275 ||| FLEEEEING.
 13276 | Lair:4   | 13276 ||| FLEEEEING.
 13277 | Lair:4   | 13277 ||| FLEEEEING.
 13278 | Lair:4   | 13278 ||| FLEEEEING.
 13279 | Lair:4   | 13279 ||| FLEEEEING.
 13280 | Lair:4   | 13280 ||| FLEEEEING.
 13281 | Lair:4   | 13281 ||| FLEEEEING.
 13283 | Lair:4   | 13283 ||| INVOKING Heroism.
 13510 | Lair:4   | Noticed qw's ghost (journeyman GrFi)
 13515 | Lair:4   | Found a runed translucent gate.
 13561 | Lair:4   | Found a runed translucent gate.
 13833 | Lair:5   | Entered Level 5 of the Lair of Beasts
 13837 | Lair:5   | 13837 ||| INVOKING Heroism.
 13843 | Lair:5   | 13843 ||| SWAPPING to +0 morningstar.
 13850 | Lair:5   | 13850 ||| SWAPPING to +5 heavy war axe.
 13860 | Lair:5   | 13860 ||| FLEEEEING.
 13862 | Lair:5   | 13862 ||| STAIRDANCE
 14041 | Lair:5   | 14041 ||| Stepping ~*~*~tactically~*~*~ (stealth).
 14042 | Lair:5   | 14042 ||| Stepping ~*~*~tactically~*~*~ (stealth).
 14137 | Lair:5   | Reached skill level 15 in Axes
 14168 | Lair:5   | Reached **** piety under Okawaru
 14240 | Lair:5   | 14240 ||| INVOKING Heroism.
 14313 | Lair:5   | 14313 ||| INVOKING Heroism.
 14324 | Lair:5   | Reached skill level 6 in Invocations
 14325 | Lair:5   | Reached ***** piety under Okawaru
 14325 | Lair:5   | Received a gift from Okawaru
 14326 | Lair:5   | Reached skill level 12 in Fighting
 14326 | Lair:5   | 14326 ||| SWAPPING to +0 morningstar.
 14327 | Lair:5   | 14327 ||| INVOKING Finesse.
 14330 | Lair:5   | 14330 ||| SWAPPING to +5 heavy war axe.
 14397 | Lair:5   | Found a staircase to the Slime Pits.
 14397 | Lair:5   | Found a viscous altar of Jiyva.
 14412 | Lair:5   | 14412 ||| FLEEEEING.
 14413 | Lair:5   | 14413 ||| FLEEEEING.
 14415 | Lair:5   | 14415 ||| INVOKING Heroism.
 14442 | Lair:5   | 14442 ||| INVOKING Heroism.
 14448 | Lair:5   | Noticed a dire elephant
 14450 | Lair:5   | Received a gift from Okawaru
 14452 | Lair:5   | 14452 ||| Stepping ~*~*~tactically~*~*~ (hiding).
 14460 | Lair:5   | Gained mutation: Your large and strong wings let you fly.
                  | [Gargoyle growth]
 14460 | Lair:5   | Reached XP level 14. HP: 86/92 MP: 19/19
 14461 | Lair:5   | Killed a dire elephant
 14470 | Lair:5   | 14470 ||| INVOKING Heroism.
 14592 | Lair:5   | Found the +4 Cigotuvi's embrace {Corpsefed rMiasma Drain
                  | rN+}
 14852 | Lair:5   | 14852 ||| Stepping ~*~*~tactically~*~*~ (stealth).
 14930 | Lair:5   | 14930 ||| Stepping ~*~*~tactically~*~*~ (hiding).
 15042 | Lair:5   | Found a burning altar of Makhleb.
 15043 | Lair:5   | 15043 ||| Stepping ~*~*~tactically~*~*~ (hiding).
 15045 | Lair:5   | 15045 ||| Stepping ~*~*~tactically~*~*~ (hiding).
 15053 | Lair:5   | 15053 ||| INVOKING Heroism.
 15060 | Lair:5   | Received a gift from Okawaru
 15233 | Lair:5   | Found a gateway to Hell.
 15481 | Lair:5   | 15481 ||| PLANNING D:1-11
 15481 | Lair:5   | 15481 ||| DROPPING ring of wizardry.
 15544 | Lair:3   | 15544 ||| Stepping ~*~*~tactically~*~*~ (hiding).
 15545 | Lair:3   | 15545 ||| Stepping ~*~*~tactically~*~*~ (hiding).
 15547 | Lair:3   | 15547 ||| Stepping ~*~*~tactically~*~*~ (hiding).
 15791 | D:11     | 15791 ||| READING scroll of enchant armour.
 15791 | D:11     | 15791 ||| ENCHANTING +1 pair of gloves.
 15845 | D:11     | 15845 ||| INVOKING Heroism.
 15860 | D:11     | Reached skill level 12 in Armour
 15861 | D:11     | 15861 ||| Stepping ~*~*~tactically~*~*~ (hiding).
 16247 | D:11     | Found a staircase to the Orcish Mines.
 16262 | D:11     | Reached skill level 9 in Invocations
 16393 | D:11     | 16393 ||| PLANNING D
 16393 | D:11     | 16393 ||| UPGRADING to +2 plate armour of willpower.
 16403 | D:11     | 16403 ||| DROPPING +0 plate armour.
 16404 | D:11     | 16404 ||| UPGRADING to +2 buckler.
 16414 | D:11     | 16414 ||| DROPPING +0 buckler.
 16456 | D:12     | Identified the +3 ring mail of Beyond {rC+ rN+ Dex+2
                  | Stlth+}
 16491 | D:12     | Found the +0 toga "Victory" {*Victory Clar}
 16602 | D:12     | 16602 ||| Stepping ~*~*~tactically~*~*~ (stealth).
 16649 | D:12     | 16649 ||| Stepping ~*~*~tactically~*~*~ (hiding).
 16650 | D:12     | 16650 ||| Stepping ~*~*~tactically~*~*~ (hiding).
 16906 | D:12     | 16906 ||| FLEEEEING.
 16907 | D:12     | 16907 ||| FLEEEEING.
 16908 | D:12     | 16908 ||| FLEEEEING.
 16909 | D:12     | 16909 ||| FLEEEEING.
 16910 | D:12     | 16910 ||| FLEEEEING.
 16911 | D:12     | 16911 ||| FLEEEEING.
 16912 | D:12     | 16912 ||| FLEEEEING.
 16913 | D:12     | 16913 ||| FLEEEEING.
 16914 | D:12     | 16914 ||| FLEEEEING.
 16915 | D:12     | 16915 ||| FLEEEEING.
 16916 | D:12     | 16916 ||| FLEEEEING.
 16957 | D:12     | Received a gift from Okawaru
 17182 | D:12     | 17182 ||| UPGRADING to amulet of reflection.
 17192 | D:12     | 17192 ||| DROPPING amulet of the acrobat.
 17292 | D:13     | 17292 ||| Stepping ~*~*~tactically~*~*~ (hiding).
 17294 | D:13     | 17294 ||| Stepping ~*~*~tactically~*~*~ (hiding).
 17407 | D:13     | Identified the +4 falchion of Datoss {spect, Int+2}
 17481 | D:13     | 17481 ||| Stepping ~*~*~tactically~*~*~ (hiding).
 17609 | D:13     | 17609 ||| INVOKING Heroism.
 17721 | D:13     | 17721 ||| INVOKING Heroism.
 17780 | D:13     | 17780 ||| READING scroll of enchant weapon.
 17780 | D:13     | 17780 ||| ENCHANTING +5 heavy war axe.
 17912 | D:13     | Found a gate to the Vaults.
 17927 | D:13     | 17927 ||| INVOKING Heroism.
 17941 | D:13     | Reached skill level 16 in Axes
 18153 | D:13     | 18153 ||| Stepping ~*~*~tactically~*~*~ (hiding).
 18156 | D:13     | 18156 ||| INVOKING Heroism.
 18157 | D:13     | 18157 ||| INVOKING Finesse.
 18157 | D:13     | Received a gift from Okawaru
 18158 | D:13     | Reached XP level 15. HP: 96/96 MP: 14/22
 18159 | D:13     | 18159 ||| SWAPPING to +0 morningstar.
 18162 | D:13     | 18162 ||| SWAPPING to +6 heavy war axe.
 18194 | D:13     | 18194 ||| Stepping ~*~*~tactically~*~*~ (stealth).
 18207 | D:13     | 18207 ||| Stepping ~*~*~tactically~*~*~ (stealth).
 18258 | D:13     | Found Qoiriurr's Island Escapes.
 18264 | D:13     | 18264 ||| BUYING scroll of teleportation (39 gold).
 18264 | D:13     | Bought a scroll of teleportation for 39 gold pieces
 18291 | D:13     | Noticed Maurice
 18292 | D:13     | 18292 ||| Stepping ~*~*~tactically~*~*~ (hiding).
 18303 | D:13     | Killed Maurice
 18452 | D:13     | 18452 ||| Stepping ~*~*~tactically~*~*~ (hiding).
 18454 | D:13     | 18454 ||| Stepping ~*~*~tactically~*~*~ (hiding).
 18462 | D:13     | Reached skill level 3 in Dodging
 18652 | D:13     | 18652 ||| UPGRADING to +0 tower shield.
 18662 | D:13     | 18662 ||| DROPPING +2 buckler.
 18663 | D:13     | 18663 ||| DROPPING amulet of magic regeneration.
 18664 | D:13     | 18664 ||| READING scroll labelled DAIHASS JILE.
 18665 | D:13     | 18665 ||| READING scroll labelled PYRUCE FAODI.
 18710 | D:14     | 18710 ||| STAIRDANCE
 18753 | D:14     | 18753 ||| FLEEEEING.
 18839 | D:14     | You are sucked into a shaft and drop 1 floor!
 18839 | D:15     | Entered Level 15 of the Dungeon
 18974 | D:15     | Reached skill level 9 in Shields
 19042 | D:15     | 19042 ||| INVOKING Heroism.
 19044 | D:15     | Received a gift from Okawaru
 19162 | D:15     | 19162 ||| READING scroll labelled USUFUJ MUPIOTU.
 19414 | D:14     | Noticed Agnes
 19415 | D:14     | 19415 ||| INVOKING Heroism.
 19416 | D:14     | 19416 ||| INVOKING Finesse.
 19426 | D:14     | HP: 23/96 [Agnes/+4 lajatang of speed (20)]
 19426 | D:14     | HP: 7/96 [Agnes/+4 lajatang of speed (16)]
 19427 | D:14     | 19427 ||| READING 6 scrolls of teleportation.
 19427 | D:14     | Mangled by Agnes

Levels and vault maps discovered:
D:1:      giann_bridges, layout_basic, serial_shops,
          nicolae_shop_advertising_works [nicolae_subvault_shop_adworks],
          shapermc_ecumenical_altar_ellora
D:2:      layout_basic, minmay_vboxes, uniq_terence
D:3:      layout_rooms, mainiacjoe_overflow_swirl, uniq_jessica
D:4:      layout_basic, uniq_robin
D:5:      layout_basic, kennysheep_mini, uniq_blork_the_orc
D:6:      layout_rooms, mainiacjoe_overflow_surrounded_room
D:7:      layout_loops_cross, riverfiend_overflow_shadow_ancestor,
          minmay_temple_entry_crystal_x, enter_ossuary_5,
          minmay_misc_feat_rugged
D:8:      layout_loops_ring, amethyst_killhole, uniq_joseph, uniq_grum
D:9:      layout_big_octagon, tso_oasis_becter, nicolae_overflow_crystal_walls,
          lair_entry_dummy, hangedman_decor_diamond_cutter
D:10:     layout_basic, kennysheep_okawaru_gauntlet, grunt_decor_junction
D:11:     layout_loops_ring, kennysheep_orc_monster_closet_entryway
D:12:     layout_gridville
D:13:     layout_roguey, erik_vaults_2, serial_ice, serial_ice_e, serial_ice_h,
          serial_ice_j, serial_ice_b, serial_ice_m, serial_ice_g,
          portal_ice_cave_entry_pillars_2, hangedman_decor_slide_cut,
          nicolae_island_escapes, uniq_maurice
D:14:     layout_rooms, serial_bayou_pond_b, st_stairs_8, minmay_crystal_box,
          uniq_agnes, uniq_roxanne
D:15:     hangedman_depths_entry_civil_slaughter, layout_basic,
          grunt_qazlal_clouds, slow_altar_2
Temple:   oiseaux_autumnal_temple
Lair:1:   layout_regular_city, minmay_hedge_maze, grunt_forest_small_clearings
Lair:2:   layout_roguey, guppyfry_snake_entry_island,
          chequers_serial_rivers_micro_d, minivault_11, columned_hall_lemuel,
          uniq_sonja, uniq_gastronok
Lair:3:   layout_regular_city, elwin_shoals_entry_rooms, nzn_ghost_randoct,
          st_stairs_9
Lair:4:   layout_cellular_growth, gammafunk_ghost_split, st_stairs_9,
          kennysheep_snail_temple
Lair:5:   evil_forest, layout_gridlike, slime_entry_1, grunt_megastairs_4

Skill      XL: |  1  2  3  4  5  6  7  8  9 10 11 12 13 14 15 |
---------------+----------------------------------------------+-----
Axes           | 2 3 4 5 6 7 9 10 11 12 14 15 16 | 16.0
Fighting       | 4 5 6 7 9 10 12 | 12.0
Dodging        | 1 2 3 |  3.0
Armour         | 4 5 7 8 10 11 12 | 12.0
Shields        | 4 5 6 7 8 9 |  9.9
Throwing       | 3 5 |  5.0
Invocations    | 3 4 7 10 | 10.0

Action                     |  1- 3 |  4- 6 |  7- 9 | 10-12 | 13-15 || total
---------------------------+-------+-------+-------+-------+-------++-------
  Melee: War axe           |    66 |   189 |   259 |   335 |   435 ||  1284
         Morningstar       |       |       |       |     4 |    18 ||    22
  Throw: Boomerang         |       |       |    15 |   131 |    16 ||   162
         Javelin           |       |       |       |       |    36 ||    36
 Invoke: Heroism           |       |       |       |    20 |    21 ||    41
         Finesse           |       |       |       |       |     3 ||     3
    Use: Scroll            |     2 |    10 |     7 |     6 |     8 ||    33
         Potion            |     1 |     5 |     3 |     1 |       ||    10
   Stab: Distracted        |       |       |       |       |     1 ||     1
 Armour: Scale mail        |    32 |       |       |       |       ||    32
         Chain mail        |    10 |   116 |   142 |   136 |       ||   404
         Plate armour      |       |       |       |    50 |   338 ||   388
  Dodge: Dodged            |    30 |    69 |    93 |   117 |   163 ||   472
  Block: Buckler           |    10 |    34 |    56 |    67 |   144 ||   311
         Reflection        |       |       |       |       |    14 ||    14
         Tower shield      |       |       |       |       |    64 ||    64

Table legend:
 A = Non-vault XP
 B = Vault XP
 C = Vault XP percentage of total XP
 D = Non-vault monster count
 E = Vault monster count
 F = Vault count percentage of total count
                 A         B        C        D         E       F
            +---------+---------+-------+---------+---------+-------
      Total |   67797 |   29372 |  30.2 |     370 |     132 |  26.3
            +---------+---------+-------+---------+---------+-------
        D:1 |      38 |      36 |  48.6 |      21 |       1 |   4.5
        D:2 |      97 |      20 |  17.1 |      23 |       5 |  17.9
        D:3 |      73 |      37 |  33.6 |      21 |       1 |   4.5
        D:4 |     190 |      34 |  15.2 |      18 |      11 |  37.9
        D:5 |     272 |      94 |  25.7 |      10 |       1 |   9.1
        D:6 |     742 |       0 |   0.0 |      17 |       0 |   0.0
        D:7 |     963 |       0 |   0.0 |      17 |       0 |   0.0
        D:8 |    1862 |     956 |  33.9 |      26 |       5 |  16.1
        D:9 |    3137 |       0 |   0.0 |      27 |       0 |   0.0
       D:10 |    2810 |       4 |   0.1 |      14 |       2 |  12.5
       D:11 |    2605 |    1638 |  38.6 |      11 |      20 |  64.5
       D:12 |    6036 |       0 |   0.0 |      17 |       0 |   0.0
       D:13 |    8290 |    8385 |  50.3 |      20 |      14 |  41.2
       D:14 |    2892 |    2110 |  42.2 |       7 |       5 |  41.7
       D:15 |    2556 |       0 |   0.0 |       6 |       0 |   0.0
     Lair:1 |    2336 |       0 |   0.0 |       7 |       0 |   0.0
     Lair:2 |    5945 |    2445 |  29.1 |      23 |       3 |  11.5
     Lair:3 |   11198 |     968 |   8.0 |      36 |       3 |   7.7
     Lair:4 |    3776 |    1312 |  25.8 |      15 |       3 |  16.7
     Lair:5 |   11979 |   10258 |  46.1 |      34 |      28 |  45.2
    Ossuary |       0 |    1075 | 100.0 |       0 |      30 | 100.0
            +---------+---------+-------+---------+---------+-------
